 Dungeon Crawl Stone Soup version 0.15-a0-2246-gfd41422 (console) character file.

65 DeepElves the Magician (level 3, -3/19 HPs)
             Began as a Deep Elf Ice Elementalist on July 26, 2014.
             Killed by divine providence
             ... invoked by an orc priest
              (14 damage)
             ... on Level 4 of the Dungeon.
             The game lasted 00:04:23 (805 turns).

DeepElves the Magician (Deep Elf Ice Elementalist)   Turns: 805, Time: 00:04:23

HP  -3/19        AC  2     Str  5      XL: 3   Next: 94%
MP  12/12        EV 13     Int 20      God:
Gold 67          SH  0     Dex 15      Spells:  2 memorised,  7 levels left

rFire  . . .     SeeInvis .     k - +1 dagger (venom)
rCold  . . .     Clarity  .     a - +0 robe
rNeg   . . .     rCorr    .     (no shield)
rPois  .         rRot     .     (no helmet)
rElec  .         Spirit   .     (no cloak)
SustAb .         Warding  .     (no gloves)
rMut   +         Stasis   .     (no boots)
Gourm  .                        p - amulet of resist mutation
MR     .....                    (no ring)
                                (no ring)

@: not resistant to hostile enchantments, unstealthy
A: no striking features
a: no special abilities


You were on level 4 of the Dungeon.
You were not hungry.

You visited 1 branch of the dungeon, and saw 4 of its levels.

You collected 67 gold pieces.

Inventory:

Hand weapons
 k - a +1 dagger of venom (weapon)
Armour
 a - a +0 robe (worn)
 n - a +0 ring mail
Comestibles
 c - 3 bread rations
 d - a beef jerky
Scrolls
 g - a scroll of amnesia {unknown}
 h - a scroll of magic mapping {unknown}
 i - 3 scrolls of remove curse
 o - a scroll of fog {unknown}
 q - a scroll of recharging {unknown}
 r - a scroll of random uselessness {unknown}
 s - a scroll of noise {unknown}
Jewellery
 p - an amulet of resist mutation (around neck)
Potions
 e - a potion of cancellation
 j - a potion of might
 m - a potion of heal wounds
Books
 b - a book of Frost

   Spells                             Type                      Level
   *Freeze                            Ice                          1
   *Throw Frost                       Conjuration/Ice              2
   Ozocubu's Armour                   Charms/Ice                   3
   Throw Icicle                       Conjuration/Ice              4
   Summon Ice Beast                   Ice/Summoning                4
   Condensation Shield                Ice                          4


   Skills:
 - Level 2.4 Dodging
 - Level 2.4 Stealth
 - Level 4.0 Spellcasting
 + Level 3.5 Conjurations
 + Level 3.2 Ice Magic


You had 7 spell levels left.
You knew the following spells:

 Your Spells              Type           Power        Failure   Level  Hunger
a - Freeze                Ice            ###.         3%          1    None
b - Throw Frost           Conj/Ice       ###...       6%          2    #......


Dungeon Overview and Level Annotations

Branches:
Dungeon (4/15)
 Temple: D:4-7

Altars:

Annotations:
D:3 onwiheg's ghost, average MiFi


Message History

Read which item? (? for menu, Esc to quit)
Identify which item? (\ to view known items) (? for menu, Esc to quit)
As you read the scroll of identify, it crumbles to dust.
j - a potion of might Drink which item? (? for menu, Esc to quit)
Okay, then.
Drop what? (_ for help) (? for menu, Esc to quit)
You drop a potion of poison.
There is a stone staircase leading down here.
You climb downwards.
There is a stone staircase leading up here.
An orc wizard comes into view. It is wielding a dagger.
The orc wizard shouts!
An orc priest comes into view. It is wielding a mace.
An orc comes into view.
The orc priest shouts!
The orc shouts!
The orc priest calls down the wrath of Beogh upon you.
Something smites you!
Ouch! That really hurt!
You die...

... ......# .......#
.....o..# #....o.#
...+......# + .
+...#...o..+
#......#...#......#
#.....##...#....@.#+####+
+.....#....+.............
#.....#....#.............
#.....+....#............
#.....##..##..<.........
#......#..###'######+##.
#......'..'......#
'......#..#......+
#......###########


You could see an orc priest, an orc wizard and an orc.

Vanquished Creatures
  3 adders (D:2)
  2 giant geckos
  An ooze (D:3)
  4 giant cockroaches
  5 hobgoblins
  3 kobolds
  A quokka (D:2)
  6 bats
  5 goblins
  4 jackals (D:2)
  A rat (D:1)
35 creatures vanquished.

Notes
Turn   | Place    | Note
--------------------------------------------------------------
     0 | D:1      | DeepElves, the Deep Elf Ice Elementalist, began the quest for the Orb.
     0 | D:1      | Reached XP level 1. HP: 10/10 MP: 5/5
   193 | D:2      | Reached XP level 2. HP: 15/15 MP: 1/8
   199 | D:2      | Learned a level 2 spell: Throw Frost
   250 | D:2      | Reached skill level 4 in Spellcasting
   279 | D:2      | Reached XP level 3. HP: 17/19 MP: 1/12
   555 | D:3      | Noticed onwiheg's ghost (average MiFi)
   805 | D:4      | Killed from afar by an orc priest

Action                   || total
-------------------------++-------
Melee: Unarmed           ||     1
       Dagger            ||    22
 Cast: Freeze            ||    43
  Use: Scroll            ||     5
 Stab: Sleeping          ||     2
